Map: Ascension to Aiur LE

Players

Perfi - Winner!

  • Race: Protoss Protoss
  • Spawn Location: 11:00

Driminicus

  • Race: Protoss Protoss
  • League: Diamond
  • Spawn Location: 5:00

VOD

Have the link to the VOD?

Description

Time

  • Played on: July 28, 2017, 5:24 a.m.
  • Length: 6:37
Show
View Real Time Build Order
Export as new Build Order

Perfi Protoss - Winner!

Build Orders: Blink Stalkers 

Get SALT Encoding   

  12  0:01  Probe (Chrono Boost)  
  13  0:11  Probe (Chrono Boost)  
  14  0:17  Pylon  
  14  0:22  Probe (Chrono Boost)  
  16  0:35  Probe (Chrono Boost)  
  16  0:36  Gateway  
  16  0:48  Assimilator  
  16  0:50  Assimilator  
  16  0:52  Probe (Chrono Boost)  
  17  1:02  Probe (Chrono Boost)  
  18  1:06  Gateway  
  18  1:13  Probe (Chrono Boost)  
  19  1:23  Probe (Chrono Boost)  
  20  1:25  Cybernetics Core  
  20  1:34  Pylon  
  20  1:35  Probe (Chrono Boost)  
  21  1:46  Probe (Chrono Boost)  
  22  2:04  Mothership Core (Chrono Boost)  
  24  2:11  Warp Gate (Chrono Boost)  
  24  2:26  Stalker x2  
  28  2:30  Probe (Chrono Boost)  
  29  2:37  Pylon  
  30  2:44  Probe (Chrono Boost)  
  30  2:56  Nexus  
  30  2:58  Stalker  
  32  3:05  Stalker  
  34  3:12  Twilight Council  
  34  3:17  Probe  
  35  3:29  Probe  
  35  3:33  Pylon  
  36  3:35  Stalker  
  38  3:43  Probe  
  39  3:52  Blink (Chrono Boost)  
  39  3:55  Probe (Chrono Boost)  
  38  4:06  Probe (Chrono Boost)  
  38  4:08  Pylon  
  39  4:10  Probe (Chrono Boost)  
  39  4:16  Probe (Chrono Boost)  
  41  4:20  Probe  
  42  4:29  Sentry  
  42  4:30  Robotics Facility  
  44  4:35  Probe x2  
  44  4:37  Stalker  
  48  4:50  Gateway, Probe  
  48  4:52  Probe  
  50  4:53  Gateway  
  50  4:59  Gateway  
  50  5:01  Probe  
  50  5:04  Sentry, Probe  
  50  5:05  Sentry  
  56  5:11  Probe  
  57  5:14  Assimilator  
  57  5:16  Probe  
  56  5:22  Immortal (Chrono Boost)  
  60  5:30  Stalker  
  60  5:34  Zealot  
  64  5:38  Probe x2  
  60  5:50  Probe  
  57  5:59  Stalker  
  57  6:01  Stalker x2  
  60  6:16  Stalker, Probe x2  
  60  6:17  Stalker  
  66  6:22  Assimilator  
  67  6:35  Stalker x2  
Show
View Real Time Build Order
Export as new Build Order

Driminicus Protoss 

Build Orders: Blink Stalkers 

Get SALT Encoding   

  12  0:01  Probe (Chrono Boost)  
  13  0:11  Probe (Chrono Boost)  
  14  0:19  Pylon  
  14  0:22  Probe (Chrono Boost)  
  15  0:37  Gateway  
  15  0:42  Probe (Chrono Boost)  
  16  0:43  Assimilator  
  16  0:53  Probe (Chrono Boost)  
  17  0:57  Assimilator  
  17  1:03  Probe (Chrono Boost)  
  18  1:14  Probe (Chrono Boost)  
  18  1:16  Gateway  
  19  1:25  Cybernetics Core  
  19  1:26  Probe (Chrono Boost)  
  20  1:37  Probe (Chrono Boost)  
  21  1:46  Pylon  
  21  1:50  Probe (Chrono Boost)  
  22  2:01  Warp Gate (Chrono Boost)  
  22  2:04  Stalker x2  
  22  2:08  Probe (Chrono Boost)  
  27  2:19  Mothership Core (Chrono Boost)  
  27  2:21  Pylon  
  29  2:34  Twilight Council  
  29  2:40  Stalker  
  31  2:48  Stalker  
  33  2:52  Probe (Chrono Boost)  
  34  3:00  Pylon  
  34  3:11  Blink (Chrono Boost)  
  34  3:19  Stalker  
  36  3:26  Pylon  
  36  3:32  Stalker  
  38  3:42  Gateway  
  37  4:08  Stalker  
  39  4:15  Stalker  
  41  4:43  Pylon  
  41  4:44  Stalker x2  
  45  4:52  Stalker  
  47  5:04  Pylon  
  47  5:22  Stalker x3  
  47  5:56  Stalker  
  47  5:57  Stalker x2  
  37  6:20  Stalker  
  37  6:21  Stalker x2  
Tags
 
Add a new tag
Caveats
  • Supply blocks, unpowered buildings, or Contaminate may cause inaccurate times.
  • Supply counts are checked every 10 seconds.